Cogmind - Beta 14 @@@ ROGUE MODE // 2024.11.15 @ 18:20:11 Player: Jerkster Result: Destroyed by P-70 Sage with High-powered Shock Rifle Performance ------------- Evolutions (3) 1500 Regions Visited (7) 1400 Robots Destroyed (67) 335 Value Destroyed (2039) 2039 Prototype IDs (8) 160 Alien Tech Used (0) 0 Bonus (197) 197 TOTAL SCORE: 5631 Bonus ------- Follower Combat Kills 138 Aligned with FarCom 300 Friendly Fire -241 Cogmind --------- Core Integrity 0/700 Matter 115/300 Energy 100/100 System Corruption 8% Temperature Cool (0) Movement Core (50) Location -7/Factory Parts ------- > --- POWER (1) -------- (None) > --- PROPULSION (4) --- (None) > --- UTILITY (6) ------ Terrain Scan Processor Advanced Terrain Scan Processor > --- WEAPON (2) ------- (None) > --- INVENTORY (5) ---- Improved Flight Unit Improved Terrain Scanner Flak Gun Advanced Assault Cannon Hammer Peak State ------------ > --- POWER ------------ Improved Deuterium Engine > --- PROPULSION ------- Improved Aluminum Leg Carbon-fiber Leg Titanium Leg Improved Carbon-fiber Leg > --- UTILITY ---------- Small Storage Unit Terrain Scan Processor Advanced Terrain Scan Processor Seismic Detector Hardened Medium Armor Plating Improved Medium Armor Plating > --- WEAPON ----------- Improved Heavy Machine Gun Advanced Assault Cannon > --- INVENTORY -------- Light Ion Engine Improved Flight Unit Large Matter Pod Improved Terrain Scanner Heavy EM Shotgun Flak Gun Heavy Missile Launcher Hammer [Rating: 43] Favorites ----------- Power Ion Engine Engine Ion Engine Power Core Light Nuclear Core Propulsion Light Treads Treads Light Treads Leg Carbon-fiber Leg Flight Unit VTOL Module Utility Seismic Detector Device Seismic Detector Storage Huge Storage Unit Processor Terrain Scan Processor Protection Hardened Medium Armor Plating Weapon Light Cannon Energy Gun Heavy EM Shotgun Energy Cannon EM Pulse Cannon Ballistic Gun Improved Heavy Machine Gun Ballistic Cannon Light Cannon Launcher Grenade Launcher Impact Weapon Hammer Build | -11 -10 -10 -10 -9 -8 -8 -7 ------- Run | Yrd Mat Min Exi Min Mat Sto Fac Slots Evolved 6 | . . . . . 4 . 2 Power . | . . . . . . . . Propulsion 2 | . . . . . 2 . . Utility 4 | . . . . . 2 . 2 Weapon . | . . . . . . . . Parts Attached 68 | 7 10 2 . 2 11 16 20 Power 7 | 1 . . . . 2 2 2 Engine 6 | 1 . . . . 1 2 2 Core 1 | . . . . . 1 . . Reactor . | . . . . . . . . Propulsion 10 | 2 . . . . 1 4 3 Treads 2 | 2 . . . . . . . Leg 7 | . . . . . . 4 3 Wheel . | . . . . . . . . Hover . | . . . . . . . . Flight 1 | . . . . . 1 . . Utility 20 | 2 2 . . . 3 6 7 Device 8 | 1 1 . . . 1 3 2 Storage 3 | 1 1 . . . . . 1 Processor 4 | . . . . . 1 1 2 Hackware . | . . . . . . . . Protection 5 | . . . . . 1 2 2 Artifact . | . . . . . . . . Weapon 31 | 2 8 2 . 2 5 4 8 Energy Gun 7 | 1 1 . . . . 3 2 Energy Cannon 1 | . . . . . 1 . . Ballistic Gun 3 | 1 . . . . . . 2 Ballistic Cannon 10 | . 4 1 . 2 2 . 1 Launcher 6 | . 3 1 . . 1 . 1 Special Weapon . | . . . . . . . . Impact Weapon 4 | . . . . . 1 1 2 Slashing Weapon . | . . . . . . . . Piercing Weapon . | . . . . . . . . Special Melee Weapon . | . . . . . . . . Unidentified Prototypes 4 | . . . . . . 3 1 Corrupted Parts 1 | . . . . . . 1 . System Corruption 2 | . . . . . . 2 . Parts Lost 35 | . . . . . 14 1 20 Power 5 | . . . . . 3 . 2 Propulsion 9 | . . . . . 3 . 6 Utility 11 | . . . . . 3 1 7 Weapon 10 | . . . . . 5 . 5 Highest Loss Streak 12 | . . . . . 12 1 8 To Critical Strikes . | . . . . . . . . Average Slot Usage (%) 87 | . 100 100 71 100 67 67 87 Engine 10 | . 14 14 14 14 7 7 6 Treads 16 | . 28 28 28 28 9 . . Leg 7 | . . . . . . 15 27 Device 14 | . 14 14 14 14 12 16 16 Storage 10 | . 14 14 14 14 8 . 5 Processor 3 | . . . . . 8 8 8 Protection 1 | . . . . . 3 2 5 Energy Gun 2 | . 1 . . . . 14 3 Ballistic Gun 1 | . 1 . . . . . 5 Ballistic Cannon 15 | . 24 27 . 28 16 . 3 Peak Build Rating 43 | 7 8 8 7 9 11 32 43 Average Rating 14 | 5 7 8 6 8 9 26 31 On Entrance 8 | . 7 8 8 6 9 1 32 Naked Turns 25 | . . . . . 20 5 . Heaviest Build 93 | 14 92 92 86 92 93 26 42 Greatest Support 63 | 40 40 40 40 40 40 52 63 Greatest Overweight (x) 4 | . 2 2 2 2 4 1 1 Average Overweight (x) . | . . 2 2 2 2 . . Largest Inventory Capacity 25 | 8 25 25 25 25 25 5 8 Average Capacity 17 | 7 13 25 25 25 24 5 7 Most Carried 14 | 3 9 9 12 13 14 5 8 Average Carried 8 | 1 7 9 11 11 10 4 6 Final Capacity 25 | 8 25 25 25 25 5 5 5 Final Carried 13 | 3 9 9 12 13 5 5 5 Class Distribution -------------------- 50% | Mutant 26% | Skirmisher 23% | Scavenger-Mutant Dominant Class ---------------- Mutant | -10/Materials Mutant | -10/Mines Mutant | -10/Exiles Skirmisher | -9/Mines Skirmisher | -8/Materials Mutant | -8/Storage Scavenger-Mutant | -7/Factory Resources | -11 -10 -10 -10 -9 -8 -8 -7 ----------- Run | Yrd Mat Min Exi Min Mat Sto Fac Matter Collected 1761 | 292 190 106 . 325 169 210 469 Remotely . | . . . . . . . . Salvage Created 1741 | 124 227 34 . 87 130 540 599 Parts 104 | 6 18 11 . 8 5 30 26 Haulers Intercepted . | . . . . . . . . Recyclers Shooed 1 | . . . . . . . 1 Parts Field Recycled . | . . . . . . . . Retrieved Matter . | . . . . . . . . Parts Self-Destructed . | . . . . . . . . Prevented . | . . . . . . . . Kills | -11 -10 -10 -10 -9 -8 -8 -7 ------- Run | Yrd Mat Min Exi Min Mat Sto Fac Combat Hostiles Destroyed 47 | . 8 6 . 4 4 8 17 Melee 1 | . . . . . . . 1 Guns 9 | . . . . . . 6 3 Cannons 18 | . 2 3 . 4 4 . 5 AOE 19 | . 6 3 . . . 2 8 Classes Destroyed 14 | 3 5 . . . 1 2 3 Worker 3 | 2 1 . . . . . . Builder 5 | . 1 . . . . 1 3 Tunneler 3 | 2 . 1 . . . . . Recycler 4 | 1 1 . . . . 1 1 Mechanic 1 | . . . . . . . 1 Operator 1 | . 1 . . . . . . Drone 1 | . . . . . . 1 . Watcher 2 | . 1 . . . . 1 . Swarmer 17 | . 6 6 . 3 . 1 1 Grunt 11 | . 2 . . 2 2 2 3 Sentry 9 | . . . . . 2 4 3 Specialist 4 | . . . . . . . 4 Hunter 4 | . . . . . . 1 3 Programmer 3 | . . . . . . . 3 Best Kill Streak 7 | 2 6 3 . 3 2 3 7 Combat Bots Only 6 | . 3 3 . 3 2 3 6 Max Kills in Single Turn 4 | 1 2 2 . 1 1 2 4 Gunslinging . | . . . . . . . . Exploded 3 | . 1 2 . . . 1 3 Melee 1 | . . . . . . . 1 Uniques/NPCs Destroyed . | . . . . . . . . Combat | -11 -10 -10 -10 -9 -8 -8 -7 -------- Run | Yrd Mat Min Exi Min Mat Sto Fac Hostile Shots Fired 483 | . 33 26 . 26 91 24 283 Missed 166 | . 8 7 . 7 28 7 109 Damage Taken 5030 | . 229 152 . 229 1134 389 2897 Core 1334 | . 50 8 . 86 391 86 713 Absorbed by Shields . | . . . . . . . . Core Remaining (%) 51 | 100 . . . 42 . 13 . Volleys Fired 172 | 22 18 10 . 14 44 14 50 Largest 2 | 2 2 2 . 2 2 2 2 Hottest 100 | 70 70 70 . 70 98 100 100 Shots Fired 327 | 44 36 21 . 28 79 28 91 Gun 131 | 44 5 . . . . 28 54 Cannon 177 | . 21 19 . 28 79 . 30 Launcher 19 | . 10 2 . . . . 7 Special . | . . . . . . . . Kinetic 248 | 22 26 19 . 28 77 . 76 Thermal 22 | 22 . . . . . . . Explosive 19 | . 10 2 . . . . 7 Electromagnetic 38 | . . . . . 2 28 8 Robot Hit Streak 21 | 5 4 6 . 2 8 20 21 Robot Miss Streak 5 | 2 3 2 . 4 3 5 4 Penetration Max . | . . . . . . . . Secondary Targets 1 | . . . . . . 1 . Max Gunslinging Chain 1 | . . . . . . 1 . Shots Hit Robots 184 | 27 10 13 . 10 39 24 61 Core Hits 129 | 9 17 7 . 5 15 21 55 Critical Kills . | . . . . . . . . Critical Parts Destroyed . | . . . . . . . . Critical Strikes 11 | 3 . 1 . . 4 . 3 Burn 3 | 3 . . . . . . . Blast 8 | . . 1 . . 4 . 3 Melee Attacks 10 | . . . . . . 1 9 Impact 10 | . . . . . . 1 9 Slashing . | . . . . . . . . Piercing . | . . . . . . . . Sneak Attacks . | . . . . . . . . Combat Hostiles . | . . . . . . . . Follow-up Attacks . | . . . . . . . . Damage Inflicted 6433 | 307 765 301 . 205 709 728 3418 Guns 1660 | 307 15 . . . . 509 829 Cannons 1813 | . 150 191 . 195 709 . 568 Explosions 2904 | . 600 110 . . . 219 1975 Melee . | . . . . . . . . Ramming 56 | . . . . 10 . . 46 Kinetic 2615 | 95 165 191 . 195 664 . 1305 Thermal 818 | 212 . . . . . 219 387 Explosive 2298 | . 600 110 . . . . 1588 Electromagnetic 646 | . . . . . 45 509 92 Impact . | . . . . . . . . Slashing . | . . . . . . . . Piercing . | . . . . . . . . Highest Corruption 7 | . 3 3 3 3 . 2 7 Average Corruption 2 | . 2 3 3 3 . 2 1 Corruption Purged . | . . . . . . . . Corruption Blocked . | . . . . . . . . Effects 64 | . 7 17 19 20 . 1 . Message Errors 24 | . 2 3 12 7 . . . Matter Fused 13 | . 1 6 3 3 . . . Heat Flow Errors 9 | . 2 1 2 4 . . . Energy Discharges 7 | . . 4 . 2 . 1 . Data Loss (minor) 7 | . 1 . 2 4 . . . Data Loss (major) 1 | . . 1 . . . . . Misfires 1 | . . 1 . . . . . Alerts 2 | . 1 1 . . . . . Overload Shots . | . . . . . . . . Overflow Damage 265 | . 71 1 . . . . 193 Projectiles . | . . . . . . . . Explosions 265 | . 71 1 . . . . 193 Melee . | . . . . . . . . Knockbacks 18 | . 1 2 . 2 9 . 4 Impact . | . . . . . . . . Kinetic 17 | . 1 2 . 2 8 . 4 Secondary 1 | . . . . . 1 . . Self-Inflicted Damage 543 | . 16 . . . . 134 393 Shots 9 | . 1 . . . . 3 5 Rammed 2 | . . . . 2 . . . Targets Rammed 14 | . . . . 2 . . 12 Kicked 12 | . . . . . . . 12 Crushed . | . . . . . . . . Highest Temperature 273 | 180 250 273 271 205 33 81 83 Average Temperature 47 | 64 44 60 131 55 11 29 25 Received Heat Transfer 540 | . 21 . . 18 234 99 168 Effects 3 | . . . . 3 . . . Interference 3 | . . . . 3 . . . Siege Activations . | . . . . . . . . Robots Corrupted . | . . . . . . . . Combat Hostiles . | . . . . . . . . Parts Fried 2 | . . . . . . 2 . Impact Corruptions . | . . . . . . . . Robots Melted . | . . . . . . . . Combat Hostiles . | . . . . . . . . Parts Melted 2 | 1 . . . . . 1 . Heat Transferred 1451 | 851 . . . . . 250 350 Parts Sabotaged . | . . . . . . . . Parts Stolen . | . . . . . . . . Parts Stripped . | . . . . . . . . Power Chain Reactions 5 | . . . . . . 4 1 Alert | -11 -10 -10 -10 -9 -8 -8 -7 ------- Run | Yrd Mat Min Exi Min Mat Sto Fac Peak Influence 409 | 25 409 179 . 231 100 277 276 Initial 126 | . 16 25 . . . 14 126 Average 88 | 11 162 41 . 74 52 90 120 Maximum Alert Level 2 | . 2 . . 1 . 1 1 Low Security (%) 87 | 100 50 100 . 92 100 83 88 Level 1 12 | . 47 . . 7 . 16 12 Level 2 . | . 1 . . . . . . Level 3 . | . . . . . . . . Level 4 . | . . . . . . . . Level 5 . | . . . . . . . . High Security . | . . . . . . . . Max Security . | . . . . . . . . Squads Dispatched 11 | . . . . . 4 1 6 Investigation 1 | . . . . . . . 1 Extermination 3 | . . . . . . . 3 Reinforcement 6 | . . . . . 3 1 2 Assault . | . . . . . . . . Garrison 1 | . . . . . 1 . . Intercept . | . . . . . . . . Searches Triggered . | . . . . . . . . Construction Impeded 1 | . . . . . . . 1 Haulers Reinforced . | . . . . . . . . Active Scanning Responses . | . . . . . . . . Cargo Convoy Interrupts 1 | . . . . . . . 1 Stealth | -11 -10 -10 -10 -9 -8 -8 -7 --------- Run | Yrd Mat Min Exi Min Mat Sto Fac Distress Signals 5 | . . . . . 4 . 1 Communications Jammed . | . . . . . . . . Distress Signals . | . . . . . . . . Times Spotted 95 | . 9 6 . 8 19 16 37 Peak Tracking Total 11 | . 3 3 . 4 6 7 11 Tactical Retreats 8 | . . . . . 3 2 3 Traps | -11 -10 -10 -10 -9 -8 -8 -7 ------- Run | Yrd Mat Min Exi Min Mat Sto Fac Traps Triggered 6 | . 2 . . . . 1 3 Indirectly . | . . . . . . . . Trap Hack Attempts . | . . . . . . . . Triggered . | . . . . . . . . Disarmed . | . . . . . . . . Reprogrammed . | . . . . . . . . Reused . | . . . . . . . . Traps Extracted . | . . . . . . . . Installed . | . . . . . . . . Triggered 1 | . . 1 . . . . . Machines | -11 -10 -10 -10 -9 -8 -8 -7 ---------- Run | Yrd Mat Min Exi Min Mat Sto Fac Machines Disabled 17 | . 7 . 1 . 1 1 7 Max in Single Turn 7 | . 4 . . . 1 1 7 Machines Repaired . | . . . . . . . . Machines Dismantled . | . . . . . . . . Machines Sabotaged . | . . . . . . . . Overloaded Fab Kills . | . . . . . . . . Hacking | -11 -10 -10 -10 -9 -8 -8 -7 --------- Run | Yrd Mat Min Exi Min Mat Sto Fac Machines Accessed 11 | . 3 . . . 1 5 2 Terminals 10 | . 3 . . . 1 5 1 Fabricators . | . . . . . . . . Repair Stations . | . . . . . . . . Recycling Units . | . . . . . . . . Scanalyzers . | . . . . . . . . Garrison Access 1 | . . . . . . . 1 Total Hacks 22 | . 5 . . . 1 11 5 Successful 10 | . 1 . . . . 9 . Failed 12 | . 4 . . . 1 2 5 Catastrophic 3 | . 1 . . . 1 . 1 Database Lockouts . | . . . . . . . . Manual 9 | . 5 . 2 . 1 1 . Terminals 19 | . 5 . . . 1 11 2 Fabricators . | . . . . . . . . Repair Stations . | . . . . . . . . Recycling Units . | . . . . . . . . Scanalyzers . | . . . . . . . . Garrison Access 3 | . . . . . . . 3 Terminal Hacks 10 | . 1 . . . . 9 . Record 1 | . . . . . . 1 . Robot Analysis 2 | . 1 . . . . 1 . Prototype ID Bank 2 | . . . . . . 2 . Open Door 3 | . . . . . . 3 . Alert Level 1 | . . . . . . 1 . Dispatch Records 1 | . . . . . . 1 . Fabricator Hacks . | . . . . . . . . Repair Station Hacks . | . . . . . . . . Recycling Unit Hacks . | . . . . . . . . Scanalyzer . | . . . . . . . . Garrison Access Hacks . | . . . . . . . . Unauthorized Hacks . | . . . . . . . . Terminals . | . . . . . . . . Fabricators . | . . . . . . . . Repair Stations . | . . . . . . . . Recycling Units . | . . . . . . . . Scanalyzers . | . . . . . . . . Garrison Access . | . . . . . . . . Data Cores Recovered . | . . . . . . . . Used . | . . . . . . . . Hacking Detections 7 | . 3 . . . 1 1 2 Full Trace Events 1 | . . . . . . . 1 Feedback Events . | . . . . . . . . Feedback Blocked . | . . . . . . . . Robot Schematics Acquired . | . . . . . . . . Robots Built . | . . . . . . . . Authchips . | . . . . . . . . Time . | . . . . . . . . Total Robot Build Rating . | . . . . . . . . Part Schematics Acquired . | . . . . . . . . Parts Built . | . . . . . . . . Authchips . | . . . . . . . . Time . | . . . . . . . . Total Part Build Rating . | . . . . . . . . Parts Repaired . | . . . . . . . . Time . | . . . . . . . . Parts Recycled . | . . . . . . . . Recycled Matter . | . . . . . . . . Retrieved Matter . | . . . . . . . . Retrieved Components . | . . . . . . . . Parts Scanalyzed . | . . . . . . . . Part Schematics Acquired . | . . . . . . . . Parts Damaged . | . . . . . . . . Bothacking | -11 -10 -10 -10 -9 -8 -8 -7 ------------ Run | Yrd Mat Min Exi Min Mat Sto Fac Used RIF Installer . | . . . . . . . . Robots Hacked . | . . . . . . . . Non-combat . | . . . . . . . . Combat . | . . . . . . . . Robot Hacks Applied . | . . . . . . . . Relay Couplers Released . | . . . . . . . . Fabnet Peak Effective % . | . . . . . . . . Robots Rewired . | . . . . . . . . Allies Hacked . | . . . . . . . . Hacks Repelled . | . . . . . . . . Allies | -11 -10 -10 -10 -9 -8 -8 -7 -------- Run | Yrd Mat Min Exi Min Mat Sto Fac Total Allies 3 | . . 3 . . . . . Largest Group 3 | . . 3 3 2 . . . Highest-Rated Group 40 | . . 40 40 32 . . . Highest-Rated Ally 16 | . . 16 16 16 . . . Total Orders . | . . . . . . . . Ally Attacks 37 | . . . 10 27 . . . Total Damage 401 | . . . 110 291 . . . Kills 8 | . . . 2 6 . . . Allies Corrupted . | . . . . . . . . Allies Melted . | . . . . . . . . Intel | -11 -10 -10 -10 -9 -8 -8 -7 ------- Run | Yrd Mat Min Exi Min Mat Sto Fac Robot Analysis Total 2 | . 1 . . . . 1 . Derelict Logs Recovered 2 | . . . . 2 . . . Drone Launches 2 | . . . . . . 2 . Drone Recoveries 1 | . . . . . . 1 . Exploration | -11 -10 -10 -10 -9 -8 -8 -7 ------------- Run | Yrd Mat Min Exi Min Mat Sto Fac Turns Passed 7404 | 175 891 1236 752 1169 868 638 1675 Spaces Moved 3026 | 65 422 376 235 343 209 299 1077 Core 75 | 3 . . . . 63 8 1 Treads 1584 | 62 422 376 235 343 146 . . Legs 1367 | . . . . . . 291 1076 Wheels . | . . . . . . . . Hover . | . . . . . . . . Flight . | . . . . . . . . Fastest Speed 50 | 50 160 320 320 320 50 50 100 Average Speed 214 | 154 193 320 320 320 342 160 122 Slowest Speed 480 | 160 320 320 320 320 480 200 123 Overloaded Moves . | . . . . . . . . Propulsion Burnouts . | . . . . . . . . Robots Hopped . | . . . . . . . . Cave-ins Triggered . | . . . . . . . . Exploration Rate (%) 47 | 6 77 91 60 70 15 42 21 Regions Visited 7 Branch Regions 4 Pre-discovered Areas . | . . . . . . . . Known Exits Taken 1 | . . . . . . 1 . Unknown Exits Taken 6 | 1 1 1 1 1 1 . . Scrap Searched 2 | . . . . 2 . . . Spaces Dug 11 | . 6 . . . . . 5 Terrain Destroyed 238 | . 82 4 . . . 14 138 Melee 5 | . . . . . . . 5 Projectile 3 | . . . . . . . 3 AOE 230 | . 82 4 . . . 14 130 Terrain Rammed . | . . . . . . . . Walls Destroyed . | . . . . . . . . Machines Disabled . | . . . . . . . . Actions | -11 -10 -10 -10 -9 -8 -8 -7 --------- Run | Yrd Mat Min Exi Min Mat Sto Fac Total 3605 | 96 463 390 238 384 282 423 1329 Wait 275 | . 1 3 . 21 14 87 149 Move 3019 | 64 421 375 234 342 208 298 1077 Hop . | . . . . . . . . Pick Up 27 | 3 6 . 1 3 2 5 7 Fast Attach 31 | 7 3 . . . 1 9 11 Attach 19 | . . . . 2 8 5 4 Detach 8 | . 3 . 2 . 1 1 1 Swap 18 | . 7 2 . . 2 2 5 Drop 11 | . 4 . . . 2 1 4 Fire 172 | 22 18 10 . 14 44 14 50 Melee 10 | . . . . . . 1 9 Ram . | . . . . . . . . Kick 12 | . . . . . . . 12 Crush 2 | . . . . 2 . . . Escape Stasis . | . . . . . . . . Rewire 1 | . . . 1 . . . . Trap . | . . . . . . . . Miscellaneous . | . . . . . . . . Route ------- -11/Scrapyard -10/Materials (discovered 3 exits: [*Mat x2] / [*Min]) -10/Mines (discovered 2 exits: [*Mat] / *Exi) -10/Exiles -9/Mines -8/Materials (discovered 3 exits: Fac x2 / *Sto) -8/Storage -7/Factory History --------- Turn | Location | Event 79 | -11/Scrapyard | Discovered new exit (range 15) 176 | -11/Scrapyard | Entered Materials 314 | -10/Materials | Build established: Mutant 403 | -10/Materials | Discovered new exit (range 3) 574 | -10/Materials | Discovered new exit (range 9) 885 | -10/Materials | Discovered new exit (range 5) 1067 | -10/Materials | Entered Mines 1916 | -10/Mines | Discovered new exit (range 7) 1948 | -10/Mines | Assisted by bots powering up and referring to "LRC-V3" 2245 | -10/Mines | Deemed a non-threat by the Exiles lab entrance 2248 | -10/Mines | Discovered new exit (range 6) 2303 | -10/Mines | Entered Exiles 2303 | -10/Exiles | Accompanied by 3 allies 2384 | -10/Exiles | Met 8R-AWN 2439 | -10/Exiles | Met EX-HEX 2613 | -10/Exiles | Met EX-BIN 2651 | -10/Exiles | Aligned with FarCom system 2654 | -10/Exiles | Given EX-Vault access code 2728 | -10/Exiles | Opened EX-Vault 2753 | -10/Exiles | Found Prototype Processor 2818 | -10/Exiles | Warned to stay clear of 0b10 Research branches 2858 | -10/Exiles | Exiles lab attacked by MAIN.C 3030 | -10/Exiles | Discovered new exit (range 10) 3055 | -10/Exiles | Left Exiles lab with 0b10 Alert Chip 3055 | -10/Exiles | Entered Mines 3055 | -9/Mines | Accompanied by 2 allies 3095 | -9/Mines | Met a Derelict bent on vengeance 3296 | -9/Mines | Learned 4 Materials zone layouts 3359 | -9/Mines | Core integrity fell below 50% 3362 | -9/Mines | Build established: Skirmisher 3513 | -9/Mines | Learned 4 Materials zone layouts 3892 | -9/Mines | Received a Rocket Launcher from a helpful Derelict 4033 | -9/Mines | Discovered new exit (range 12) 4224 | -9/Mines | Entered Materials 4224 | -8/Materials | Evolved 4 slots: Propulsion x2, Utility x2 4225 | -8/Materials | Identified exit to Factory 4652 | -8/Materials | Discovered new exit (range 12) 5031 | -8/Materials | Garrison activated, responded to threat 5054 | -8/Materials | Core integrity fell below 50% 5092 | -8/Materials | Entered Storage 5100 | -8/Storage | Identified 0b10 Alert Chip 5103 | -8/Storage | Lost 12 parts (2p2n3u5w) 5323 | -8/Storage | Build established: Mutant 5565 | -8/Storage | Core integrity fell below 20% 5703 | -8/Storage | Discovered exit to Factory (range 10) 5730 | -8/Storage | Entered Factory 5730 | -7/Factory | Evolved 2 slots: Utility x2 5865 | -7/Factory | Build established: Scavenger-Mutant 6019 | -7/Factory | Lost 6 parts (1p1n2u2w) 7256 | -7/Factory | Cargo convoy interrupted 7301 | -7/Factory | Core integrity fell below 50% 7312 | -7/Factory | Lost 4 parts (1p1n1u1w) 7391 | -7/Factory | Core integrity fell below 20% 7405 | -7/Factory | Destroyed by P-70 Sage with High-powered Shock Rifle Last Messages --------------- 07305_ The unstable cave ceiling collapses. 07314_ ALERT: Rogue bot located, Programmers report to Factory Zone 9D. 07318_ Penetrated by Slug. 07336_ Kicked S-27 Virus out of the way. 07336_ S-27 Virus destroyed. 07337_ Acquired 18 matter. 07337_ Kicked S-27 Virus. 07338_ Kicked S-27 Virus out of the way. 07343_ W-25 Informer sends out distress signal. 07344_ Imp. Heavy Machine Gun destroyed. 07345_ Kicked S-27 Virus out of the way. 07346_ Kicked W-25 Informer. 07362_ Imp. Medium Armor Plating destroyed. 07365_ Seismic Detector destroyed. 07368_ Hvy. EM Shotgun destroyed. 07371_ Imp. Carbon-fiber Leg destroyed. 07377_ Carbon-fiber Leg destroyed. 07377_ Imp. Aluminum Leg destroyed. 07387_ Sml. Storage Unit destroyed. Map ----- +----------------------------------------------------+ | | | | | | | | | | | | | | | | | | | | | | | | | | | | | | | | | | | | | | | | | | | ?????????????????????????????????????????????????? | | ????###########??????????????????????????????????? | | ????# #??????????????????????????????????? | | ????# "" ################ % #?????????? | | ????# G" + i s *@ p s ! #?????????? | | ????# """ "" ## #################p??????????????? | | ????# """ ##h##??????????????????????????????? | | ????# """ # ######?????????????????????????? | | ????# + ??????????????????? | | ????# ] # ### ??????????????????? | | ????############ ##??????????????????????????????? | | ??????# ###### #???????????????????????????????? | | ####### = #???????????????????????????????? | | # [ ###### #???????????????????????????????? | | ## ##?#### #???????????????????????????????? | | ## # # #???????????????????????????????? | | + + "" !# #???????????????????????????????? | | ## # "" # #???????????????????????????????? | | ## #??"" # #???????????????????????????????? | | ## #???? # #???????????????????????????????? | | ## #?????? ????????????????????????????????? | | ##+##### #?????? ????????????????????????????????? | | #?????? ????????????????????????????????? | | ## #######?????? ????????????????????????????????? | | ?# #???????????? ????????????????????????????????? | | ?# #???????????? ????????????????????????????????? | | ?# #???????????? ????????????????????????????????? | | ?# ?????????????????????????????????????????????? | | ?# ?????????????????????????????????????????????? | +----------------------------------------------------+ Best States ------------- Heat Dissipation 34 Energy Generation 16 Energy Capacity 290 Matter Stores 300 Matter Capacity 300 Sight Range 16 Terrain Scan Range 16 Terrain Scan Density 285 Armor Coverage 450 Evasion (%) 55 Targeting Accuracy 5 Recoil Reduction 2 Item Schematics ----------------- None Robot Schematics ------------------ None Fabricated ------------ Nothing Alien Tech Used ----------------- None Achievements -------------- None Challenges ------------ None Game ------ Seed GhostAerolevPurifier Manual? 0 Play Time 00:48:57 Cumulative 32.0 hours Start 2024.11.14 @ 20:22:37 End 2024.11.15 @ 18:20:11 Sessions 2 Manual Loads 0 Difficulty Rogue Special Mode None Game No. 60 Rogue 60 Adventurer 0 Explorer 0 Win Type - Total 0 Types 0/0/0/0/0/0/0/0/0 Lore% 14 Gallery% 28 Achievement% 26 Wizard Run 0 Options --------- Layout 2 ASCII 0 Keyboard 1 Movement Numpad Keybinds 0 Fullscreen 1 Font 32/SmallcapsGlow Map View 50x44 Zoom Use 0% Tactical HUD 1 Map Filters NONE Filters NONE Steam 1 RUN: 4f0334c1-313b-41cc-b1dd-30f6a248efc9